 Dungeon Crawl Stone Soup version 0.26-a0-660-gc07710193c (console) character file.

Game seed: 3149638823498697332

1782 om the Cleaver (level 8, 0/74 HPs)
             Began as a Minotaur Fighter on Oct 7, 2020.
             Was an Initiate of Gozag.
             Slain by a hornet (10 damage)
             ... on level 7 of the Dungeon.
             The game lasted 00:06:59 (6435 turns).

om the Cleaver (Minotaur Fighter)                   Turns: 6435, Time: 00:07:00

Health: 0/74       AC: 13    Str: 25    XL:     8   Next: 81%
Magic:  7/7        EV:  8    Int:  5    God:    Gozag
Gold:   222        SH:  0    Dex: 10    Spells: 7/7 levels left

rFire    . . .     SeeInvis +   a - +0 war axe
rCold    + . .     Faith    .   c - +0 kite shield
rNeg     . . .     Spirit   .   r - +3 chain mail
rPois    .         Reflect  .   (helmet restricted)
rElec    +         Harm     .   (no cloak)
rCorr    .         Rampage  .   (no gloves)
MR       .....                  (no boots)
Stlth    ..........             (no amulet)
HPRegen  0.22/turn              n - ring of see invisible
MPRegen  0.10/turn              l - ring of protection from cold

@: confused, lethally poisoned (0 -> -13), flying, hasted, very quick
A: retaliatory headbutt, horns 2, robust 1, electricity resistance, strong 1
a: Potion Petition, Call Merchant, Bribe Branch, Renounce Religion


You were on level 7 of the Dungeon.
You worshipped Gozag.
Gozag was aware of your devotion.
You visited 2 branches of the dungeon, and saw 8 of its levels.

You collected 277 gold pieces.
You paid 55 gold pieces to Gozag.

Inventory:

Hand Weapons
 a - a +0 war axe (weapon)
Armour
 b - a +0 scale mail
 c - a +0 kite shield (worn)
 r - a +3 chain mail (worn)
Jewellery
 l - a ring of protection from cold (right hand)
 n - a ring of see invisible (left hand)
 v - an uncursed ring of protection from cold
Wands
 u - a wand of paralysis (3)
 w - a wand of random effects (15)
 y - a wand of acid (5)
Scrolls
 d - a scroll of magic mapping {unknown}
 f - 3 scrolls of identify {unknown}
 h - a scroll of amnesia {unknown}
 i - 2 scrolls of teleportation {unknown}
 j - 4 scrolls of enchant weapon {unknown}
 p - a scroll of fog {unknown}
 q - 3 scrolls of enchant armour {unknown}
 t - 2 scrolls of immolation {unknown}
 B - a scroll of noise {unknown}
 C - a scroll of blinking {unknown}
Potions
 e - a potion of heal wounds {unknown}
 g - a potion of mutation
 k - a potion of haste
 m - 3 potions of flight
 x - a potion of lignification {unknown}
 z - a potion of invisibility {unknown}
 A - a potion of magic {unknown}


   Skills:
 - Level 5.0 Fighting
 - Level 10.0 Axes
 * Level 6.0 Armour
 - Level 6.0 Dodging
 - Level 5.0 Shields


You had 7 spell levels left.
You didn't know any spells.
Your spell library contained the following spells:

 Spells                   Type           Power        Failure   Level
 Animate Skeleton         Necr           #.....       100%        1
 Apportation              Tloc           #.....       100%        1
 Corona                   Hex            #......      100%        1
 Magic Dart               Conj           #...         100%        1
 Pain                     Necr           #...         100%        1
 Summon Small Mammal      Summ           #...         100%        1
 Blink                    Tloc           N/A          100%        2
 Call Imp                 Summ           #.......     100%        2
 Slow                     Hex            #.......     100%        2
 Conjure Flame            Conj/Fire      #.......     100%        3
 Mephitic Cloud           Conj/Pois/Air  #.......     100%        3
 Vampiric Draining        Necr           #.........   100%        3
 Animate Dead             Necr           #.........   100%        4
 Excruciating Wounds      Necr           #.........   100%        5
 Simulacrum               Ice/Necr       #.........   100%        6


Dungeon Overview and Level Annotations

Branches:
Dungeon (7/15)             Temple (1/1) D:6

Altars:
Ashenzari
Dithmenos
Elyvilon
Fedhas
Gozag
Kikubaaqudgha
Makhleb
Nemelex Xobeh
Qazlal
Ru
Sif Muna
Trog
Uskayaw
Wu Jian
Xom
Yredelemnul
Zin
The Shining One

Annotations:
D:3 1 runed translucent door, Crazy Yiuf


Innate Abilities, Weirdness & Mutations

You reflexively headbutt those who attack you in melee.
You have a pair of horns on your head.
You are robust. (+10% HP)
You are resistant to electric shocks. (rElec)
Your muscles are strong. (Str +2)


Message History

You are confused.
You feel invigorated.
* * * LOW HITPOINT WARNING * * *
You feel sick. The hornet closely misses you. The hornet stings you.
* * * LOW HITPOINT WARNING * * *
You suddenly lose the ability to move!
You can move again.
You feel yourself speed up.
* * * LOW HITPOINT WARNING * * *
You feel sick.
The hornet stings you but does no damage.
You closely miss the hornet.
The hornet is almost dead.
* * * LOW HITPOINT WARNING * * *
You feel sick. The hornet closely misses you.
You closely miss the hornet. Your headbutt misses the hornet.
The hornet is almost dead.
The hornet stings you!
You die...
Your body crumbles into a pile of gold.

##### ###...... ##
#####.#...... ###.
#...#.#.....#
#....#..........##
.....#..(........#
..........@.#
.#........y##
...........#
....###...##
......##.#.#
...........##
...###..<...#
#.#.#..# ###....#
#....# .....#


You could see a hornet.

Vanquished Creatures
  Maggie (D:6)
  Grinder (D:3)
  Sigmund (D:2)
  Eustachio (D:6)
  Menkaure (D:4)
  Edmund (D:5)
  A sky beast (D:5)
  2 phantoms (D:5)
  An ogre (D:6)
  A howler monkey (D:5)
  An orc priest (D:6)
  A jelly (D:5)
  An orc wizard (D:6)
  Jessica (D:2)
  Ijyb (D:5)
  Natasha (thrice) (D:2)
  A worker ant (D:5)
  4 adders
  A white imp (D:5)
  4 dart slugs
  5 worms
  5 leopard geckos
  10 orcs
  3 giant cockroaches
  7 hobgoblins
  2 jackals (D:1)
  A quokka (D:4)
  A ball python skeleton (D:5)
  5 bats
  5 frilled lizards
  5 goblins
  6 kobolds
  3 leopard gecko skeletons
  A quokka skeleton (D:5)
  5 rats
93 creatures vanquished.

Vanquished Creatures (others)
  5 plants (D:2)
5 creatures vanquished.

Grand Total: 98 creatures vanquished

Notes
Turn   | Place    | Note
-------+----------+-------------------------------------------
     0 | D:1      | om the Minotaur Fighter began the quest for the Orb.
     0 | D:1      | Reached XP level 1. HP: 19/19 MP: 0/0
   181 | D:1      | Reached XP level 2. HP: 26/27 MP: 1/1
   233 | D:1      | Reached skill level 3 in Axes
   853 | D:2      | Found a bloodstained altar of Trog.
   879 | D:2      | Reached XP level 3. HP: 33/33 MP: 1/2
  1072 | D:2      | Noticed Sigmund
  1083 | D:2      | Killed Sigmund
  1083 | D:2      | Reached skill level 5 in Axes
  1083 | D:2      | Reached skill level 5 in Shields
  1083 | D:2      | Reached XP level 4. HP: 23/40 MP: 3/3
  1083 | D:2      | Reached XP level 5. HP: 27/46 MP: 4/4
  1290 | D:2      | Noticed Jessica
  1295 | D:2      | Killed Jessica
  1567 | D:2      | Noticed Natasha
  1571 | D:2      | Killed Natasha
  1571 | D:2      | Reached skill level 6 in Axes
  1571 | D:2      | Reached skill level 1 in Dodging
  1658 | D:2      | Noticed Natasha
  1674 | D:2      | Killed Natasha
  1674 | D:2      | Reached XP level 6. HP: 28/52 MP: 5/5
  2248 | D:2      | Noticed Natasha
  2254 | D:2      | Killed Natasha
  2774 | D:3      | Noticed Grinder
  2775 | D:3      | Paralysed by Grinder for 3 turns
  2791 | D:3      | Killed Grinder
  2791 | D:3      | Reached XP level 7. HP: 31/59 MP: 6/6
  2968 | D:3      | Reached skill level 5 in Dodging
  3054 | D:3      | Found a shadowy altar of Dithmenos.
  3074 | D:3      | Found a blossoming altar of Fedhas.
  3190 | D:3      | Found a runed translucent door.
  3191 | D:3      | Noticed Crazy Yiuf
  3516 | D:4      | Found a glowing golden altar of the Shining One.
  3556 | D:4      | Found a stormy altar of Qazlal.
  3818 | D:4      | Found a broken altar of Ashenzari.
  3824 | D:4      | Noticed Menkaure
  3830 | D:4      | Killed Menkaure
  4168 | D:5      | Entered Level 5 of the Dungeon
  4223 | D:5      | Noticed Edmund
  4246 | D:5      | Killed Edmund
  4454 | D:5      | Reached skill level 7 in Axes
  4701 | D:5      | Found a shimmering blue altar of Sif Muna.
  4829 | D:5      | Reached skill level 8 in Axes
  4921 | D:5      | Noticed Ijyb
  4927 | D:5      | Killed Ijyb
  4927 | D:5      | Reached XP level 8. HP: 66/66 MP: 7/7
  4962 | D:5      | Reached skill level 9 in Axes
  5353 | D:6      | Found a staircase to the Ecumenical Temple.
  5362 | Temple   | Entered the Ecumenical Temple
  5582 | Temple   | Became a worshipper of Gozag Ym Sagoz the Greedy
  5769 | D:6      | Found an ornate altar of the Wu Jian Council.
  5822 | D:6      | Noticed Eustachio
  5823 | D:6      | Noticed Maggie
  5846 | D:6      | Killed Maggie
  5846 | D:6      | Reached skill level 10 in Axes
  5846 | D:6      | Reached skill level 5 in Fighting
  5851 | D:6      | Killed Eustachio
  5851 | D:6      | Reached skill level 5 in Armour
  5918 | D:6      | Found a burning altar of Makhleb.
  6103 | D:6      | Identified Kikubaaqudgha's Almanac of Evil
  6404 | D:7      | Noticed a hornet
  6416 | D:7      | Paralysed by a hornet for 3 turns
  6422 | D:7      | Gained mutation: You are robust. (+10% HP) [potion of
                  | mutation]
  6422 | D:7      | Gained mutation: You are resistant to electric shocks.
                  | (rElec) [potion of mutation]
  6422 | D:7      | Gained mutation: Your muscles are strong. (Str +2) [potion
                  | of mutation]
  6432 | D:7      | HP: 2/74 [hornet (3)]
  6432 | D:7      | Paralysed by a hornet for 1 turns
  6435 | D:7      | Slain by a hornet

Illustrated notes

Levels and vault maps discovered:
D:1:      lemuel_arrival_tunnels, layout_basic, minmay_misc_feat_roman,
          minivault_25, minmay_split_cup_large
D:2:      layout_loops_corners, old_standard_altar, serial_forest,
          infiniplex_forest_end_2, infiniplex_forest_end_2,
          infiniplex_forest_end_3, infiniplex_forest_clump_C,
          infiniplex_forest_clump_small, uniq_sigmund, uniq_jessica,
          uniq_natasha
D:3:      layout_loops_ring, marbit_many_paths, lemuel_crystal_altar,
          uniq_grinder, uniq_crazy_yiuf_cottage
D:4:      layout_basic, ashenzari_conservatory_becter,
          nicolae_qazlal_eye_of_the_storm, lemuel_doored_altar,
          palyth_stone_intersect, uniq_menkaure
D:5:      layout_loops_cross, lemuel_crystal_altar, uniq_edmund, uniq_ijyb
D:6:      layout_basic, lemuel_round_altar, bloody_makhleb,
          minmay_temple_entry_waves, uniq_eustachio, uniq_maggie
D:7:      layout_cave_pools, okawaru_trees_1, slow_altar_1,
          nicolae_overflow_crystal_walls, uniq_joseph, uniq_pikel, uniq_harold
Temple:   jpeg_temple_island

Skill      XL: |  1  2  3  4  5  6  7  8 |
---------------+-------------------------+-----
Axes           | 3 5 6 8 10 | 10.0
Shields        | 4 5 |  5.0
Fighting       | 4 5 |  5.0
Armour         | 4 6 |  6.0
Dodging        | 1 4 6 |  6.0

Action                   |  1- 3 |  4- 6 |  7- 9 || total
-------------------------+-------+-------+-------++-------
Melee: War axe           |    74 |    74 |   171 ||   319
       Headbutt          |     5 |    19 |    34 ||    58
  Use: Potion            |     1 |     1 |     7 ||     9
Armor: Scale mail        |    39 |    15 |       ||    54
       Chain mail        |       |       |    58 ||    58
Dodge: Dodged            |    19 |    11 |    46 ||    76
Block: Kite shield       |    42 |    30 |    73 ||   145

Table legend: (Time is in decaauts)
 A = Elapsed time spent in this place.
 B = Non-inter-level travel time spent in this place.
 C = Inter-level travel time spent in this place.
 D = Time resting spent in this place.
 E = Time spent auto-exploring this place.
 F = Levels seen in this place.
 G = Mean time per level.
                   A        B        C        D        E       F      G
               +--------+--------+--------+--------+--------+-----+--------+
         Total |   6562 |   6316 |    246 |    827 |   4688 |   8 |  820.2 |
       Dungeon |   6291 |   6066 |    225 |    827 |   4440 |   7 |  898.7 |
        Temple |    271 |    250 |     21 |      0 |    248 |   1 |  271.0 |
               +--------+--------+--------+--------+--------+-----+--------+

Top non-repeatable levels by time:
     D:2: 1629 daAuts
     D:5: 1122 daAuts
     D:3: 987 daAuts
     D:6: 897 daAuts
     D:1: 815 daAuts
     D:4: 794 daAuts
  Temple: 271 daAuts
     D:7: 43 daAuts
